 Dungeon Crawl Stone Soup version 0.29-a0-365-gd383c6f (webtiles) character file.

Game seed: 16941818130075865997

55 lyrin the Magician (level 3, -9/24 HPs)
             Began as a Mummy Summoner on Apr 30, 2022.
             Killed from afar by Ijyb (12 damage)
             ... with a puff of flame
             ... on level 3 of the Dungeon.
             The game lasted 00:05:22 (2951 turns).

lyrin the Magician (Mummy Summoner)                 Turns: 2951, Time: 00:05:22

Health: -9/24      AC:  2    Str: 11    XL:     3   Next: 67%
Magic:  8/8        EV: 12    Int: 16    God:
Gold:   135        SH:  0    Dex: 12    Spells: 4/10 levels left

rFire   x . .      SeeInvis .   e - +0 mace
rCold   + . .      Faith    .   (no shield)
rNeg    + + +      Spirit   .   a - +0 robe
rPois   ∞          Reflect  .   (no helmet)
rElec   .          Harm     .   (no cloak)
rCorr   .          Rampage  .   (no gloves)
Will    .....                   (no boots)
Stlth   ++........              (no amulet)
HPRegen 0.08/turn               (no ring)
MPRegen 0.11/turn               (no ring)

@: no status effects
A: cold resistance 1, negative energy resistance 3, torment resistance 2, heat
vulnerability 1, in touch with death 1, no potions
a: no special abilities


You were on level 3 of the Dungeon.
You visited 1 branch of the dungeon, and saw 3 of its levels.

You collected 135 gold pieces.

Inventory:

Hand Weapons
 e - a +0 mace (weapon)
 f - a +0 rapier
Armour
 a - a +0 robe (worn)
 c - a +0 pair of boots
Scrolls
 b - 3 scrolls of identify {unknown}
 d - a scroll of fog {unknown}
 g - a scroll of vulnerability {unknown}
 h - a scroll of teleportation {unknown}


   Skills:
 + Level 0.1 Fighting
 + Level 1.6 Dodging
 - Level 1.6 Stealth
 + Level 4.0 Spellcasting
 * Level 0.1 Conjurations
 + Level 3.8 Summonings


You had 4 spell levels left.
You knew the following spells:

 Your Spells              Type           Power      Damage    Failure   Level
a - Summon Small Mammal   Summ           60%        N/A       3%          1
b - Call Imp              Summ           15%        N/A       5%          2
c - Pain                  Necr           16%        1d4       17%         1
d - Searing Ray           Conj           6%         2d4       24%         2

Your spell library contained the following spells:

 Spells                   Type           Power      Damage    Failure   Level
 Call Canine Familiar     Summ           15%        N/A       11%         3
 Magic Dart               Conj           12%        1d3       16%         1
 Summon Guardian Golem    Hex/Summ       9%         N/A       22%         3
 Summon Lightning Spire   Summ/Air       9%         N/A       58%         4
 Fulminant Prism          Conj/Hex       1%         3d6       86%         4
 Agony                    Necr           4%         N/A       99%         5
 Excruciating Wounds      Necr           2%         N/A       99%         5


Dungeon Overview and Level Annotations

Branches:
Dungeon (3/15)

Altars:

Annotations:
D:3 Ijyb


Innate Abilities, Weirdness & Mutations

You are immune to poison.
Your flesh is cold resistant. (rC+)
You are immune to negative energy. (rN+++)
You are immune to unholy pain and torment.
You are vulnerable to heat. (rF-)
You are in touch with the powers of death.
You do not drink.


Message History

Casting: Summon Small Mammal (safe; 3% risk of failure)
Confirm with . or Enter, or press ? or * to list all spells.
A beastly little devil appears in a puff of flame.
Your bat barely misses the goblin.
Your rat misses the goblin. Your bat hits the goblin.
The goblin hits you with a +0 dagger.
Unknown command.
Casting: Call Imp (safe; 5% risk of failure)
Confirm with . or Enter, or press ? or * to list all spells.
You miscast Call Imp.
You are very lightly contaminated with residual magic.
Nothing appears to happen.
Your bat hits the goblin.
Your rat closely misses the goblin.
The goblin closely misses you.
Unknown command.
Your crimson imp hits the goblin.
The goblin dies!
Your magical contamination has completely faded away.
Your rat disappears in a puff of smoke!
Your crimson imp disappears in a puff of smoke!
Key pressed, stopping explore.
Your bat disappears in a puff of smoke!
Key pressed, stopping explore.
Things that are here:
a +0 dagger; a goblin corpse You open the door.
Ijyb and a rat come into view.
Ijyb is wielding a +0 club and carrying a wand of flame (17).
Ijyb shouts!
Found a ring mail.
There are monsters nearby!
There are monsters nearby!
Found a chain mail.
There is an open door here.
Ijyb zaps a wand.
The puff of flame hits you! The fire burns you terribly!
Ouch! That really hurt!
Ijyb screams, "Die!"
Ijyb zaps a wand.
The puff of flame hits you. The fire burns you terribly!
* * * LOW HITPOINT WARNING * * *
Ijyb zaps a wand.
The puff of flame hits you! The fire burns you terribly!
Ouch! That really hurt!
You die...

#.......#
##......#.#
#.....# #........#
#.r.# #.########
#g# #.# # #.# #.#
# #.# #.# ##.#####
#.# .####......#
#.#
#.......@...####.#
.....#...........#
.....##.##########
.... ### #.. ..#


You could see Ijyb and a rat.

Vanquished Creatures
  A ball python (D:2)
1 creature vanquished.

Vanquished Creatures (collateral kills)
  An adder (D:2)
  A dart slug (D:1)
  7 endoplasms
  4 giant cockroaches
  5 goblins
  6 hobgoblins
  A quokka (D:2)
  2 ball pythons
  2 bats
  3 frilled lizards
  3 kobolds (D:2)
  3 rats
38 creatures vanquished.

Grand Total: 39 creatures vanquished

Notes
Turn   | Place    | Note
-------+----------+-------------------------------------------
     0 | D:1      | lyrin the Mummy Summoner began the quest for the Orb.
     0 | D:1      | Reached XP level 1. HP: 13/13 MP: 4/4
   388 | D:1      | Reached XP level 2. HP: 12/19 MP: 2/5
   586 | D:1      | Reached skill level 3 in Spellcasting
   880 | D:1      | Found a faded altar of an unknown god.
  1341 | D:2      | Learned a level 2 spell: Call Imp
  1849 | D:2      | Gained mutation: You are in touch with the powers of death.
                  | [Mummy growth]
  1849 | D:2      | Reached XP level 3. HP: 24/24 MP: 4/8
  1955 | D:2      | Learned a level 1 spell: Pain
  2083 | D:2      | Learned a level 2 spell: Searing Ray
  2511 | D:2      | Reached skill level 4 in Spellcasting
  2945 | D:3      | Noticed Ijyb
  2951 | D:3      | Killed from afar by Ijyb

Illustrated notes

Levels and vault maps discovered:
D:1:      kennysheep_arrival_seaside, layout_basic,
          chequers_ecumenical_altar_simple_redux
D:2:      layout_basic, hangedman_abyss_or_decor_stabs, chequers_jeans
D:3:      layout_loops_corners, minmay_misc_feat_diagonals, corexii_shack,
          uniq_ijyb, uniq_grinder

Skill      XL: |  1  2  3 |
---------------+----------+-----
Spellcasting   | 3 4 |  4.0
Fighting       | |  0.1
Dodging        | |  1.6
Stealth        | |  1.6
Conjurations   | |  0.1
Summonings     | |  3.8

Action                   || total
-------------------------++-------
 Cast: Summon Small Mamm ||    52
       Call Imp          ||    17
       Pain              ||     3
Armor: Robe              ||    24
Dodge: Dodged            ||    72

Table legend: (Time is in decaauts)
 A = Elapsed time spent in this place.
 B = Non-inter-level travel time spent in this place.
 C = Inter-level travel time spent in this place.
 D = Time resting spent in this place.
 E = Time spent auto-exploring this place.
 F = Levels seen in this place.
 G = Mean time per level.
                   A        B        C        D        E       F      G
               +--------+--------+--------+--------+--------+-----+--------+
         Total |   2951 |   2926 |     25 |    447 |   1948 |   3 |  983.7 |
       Dungeon |   2951 |   2926 |     25 |    447 |   1948 |   3 |  983.7 |
               +--------+--------+--------+--------+--------+-----+--------+

Top non-repeatable levels by time:
     D:1: 1316 daAuts
     D:2: 1285 daAuts
     D:3: 349 daAuts
